 Dungeon Crawl Stone Soup version 0.20.1-1-g8b1a95d (webtiles) character file.

183 Irenicus the Chopper (level 5, -2/46 HPs)
             Began as a Deep Dwarf Monk on Oct 27, 2017.
             Slain by an ogre
             ... wielding a +0 giant club
              (24 damage)
             ... on level 3 of the Dungeon.
             The game lasted 00:06:58 (1592 turns).

Irenicus the Chopper (Deep Dwarf Monk)              Turns: 1592, Time: 00:06:59

Health: -2/46      AC:  4    Str: 12 (14) XL:     5   Next: 35%
Magic:  4/4        EV: 16    Int:  8 (11) God:
Gold:   43         SH:  0    Dex: 16      Spells: 4/4 levels left

rFire    . . .     SeeInvis .   a - +0 hand axe
rCold    . . .     Gourm    .   (no shield)
rNeg     . . .     Faith    .   i - +0 leather armour
rPois    .         Spirit   .   o - +0 helmet
rElec    .         Reflect  .   (no cloak)
rCorr    .         Harm     .   (no gloves)
MR       .....                  (no boots)
Stlth    ++........             (no amulet)
Regen    0.0/turn               p - +3 ring of evasion (curse)
MPRegen  0.1/turn               (no ring)

@: non-regenerating
A: damage resistance, heal wounds, sense surroundings 1, no regeneration
a: Heal Wounds


You were on level 3 of the Dungeon.
You were not hungry.

You visited 1 branch of the dungeon, and saw 3 of its levels.

You collected 43 gold pieces.

Inventory:

Hand Weapons
 a - a +0 hand axe (weapon)
 j - a +2 whip of pain
Missiles
 d - a throwing net (quivered)
Armour
 b - a +0 robe
 i - a +0 leather armour (worn)
 o - a +0 helmet (worn)
Jewellery
 p - a cursed +3 ring of evasion (left hand)
Wands
 m - a wand of paralysis (9/24)
Scrolls
 k - a scroll of fog {unknown}
 n - a scroll of teleportation
 q - a scroll of magic mapping {unknown}
Comestibles
 c - a bread ration
 f - 2 chunks of flesh
 g - 3 meat rations
 h - a royal jelly


   Skills:
 - Level 2.6 Fighting
 + Level 6.7 Axes
 - Level 3.2 Dodging
 - Level 2.4 Stealth


You had 4 spell levels left.
You didn't know any spells.

Dungeon Overview and Level Annotations

Branches:
Dungeon (3/15)

Altars:
Cheibriados
Hepliaklqana


Innate Abilities, Weirdness & Mutations

You are resistant to damage.
You can heal yourself by infusing magical energy.
You passively map a small area around you.
You do not regenerate.


Message History

The ogre is moderately wounded.
You hit the gnoll. The ogre closely misses you.
The gnoll drinks a potion.
The gnoll is healed!
A gnoll comes into view. It is wielding a spear.
You barely miss the ogre.
The ogre is moderately wounded.
The gnoll shouts!
You hit the gnoll. The gnoll barely misses you.
The ogre hits you with a giant club.
You hit the ogre.
The ogre is heavily wounded.
You hit the gnoll. The gnoll barely misses you. The ogre completely misses you.
You hit the ogre.
The ogre is heavily wounded.
You barely miss the gnoll. The gnoll misses you.
You hit the ogre.
The ogre is severely wounded.
You closely miss the gnoll. The ogre hits you with a giant club!!
Ouch! That really hurt!
You die...

##..##.#
#.......
###..>...# * .
*#......#.#,
..##......#.. *
..........##* *
..........#
.........÷#
........@g#
#########O##
#######gg#######
**
.......g........
≈≈≈≈≈≈gg..≈≈≈≈≈≈
≈≈≈≈≈≈....≈≈≈≈≈≈
*
≈≈≈≈≈≈....≈≈≈≈≈≈
≈
................
,
######''''######


You could see an ogre and 5 gnolls.

Vanquished Creatures
  A howler monkey (D:3)
  5 gnolls (D:3)
  4 adders
  A worm (D:3)
  A leopard gecko (D:1)
  An orc (D:3)
  4 bats
  8 goblins
  6 hobgoblins
  4 jackals (D:3)
  8 kobolds
  A quokka (D:3)
  3 frilled lizards
  9 rats
56 creatures vanquished.

Notes
Turn   | Place    | Note
-------+----------+-------------------------------------------
     0 | D:1      | Irenicus the Deep Dwarf Monk began the quest for the Orb.
     0 | D:1      | Reached XP level 1. HP: 20/20 MP: 1/1
   174 | D:1      | Reached XP level 2. HP: 22/27 MP: 2/2
   193 | D:1      | Reached skill level 4 in Axes
   718 | D:2      | Reached XP level 3. HP: 17/33 MP: 3/3
  1101 | D:2      | Reached skill level 5 in Axes
  1143 | D:2      | Found a hazy altar of Hepliaklqana.
  1308 | D:3      | Reached XP level 4. HP: 38/40 MP: 4/4
  1334 | D:3      | Found a snail-covered altar of Cheibriados.
  1390 | D:3      | Reached skill level 6 in Axes
  1456 | D:3      | Reached XP level 5. HP: 10/46 MP: 5/5
  1558 | D:3      | Noticed an ogre
  1592 | D:3      | Slain by an ogre

Skill      XL: |  1  2  3  4 |
---------------+-------------+-----
Axes           | 4 5 6 |  6.7
Fighting       | |  2.6
Dodging        | |  3.2
Stealth        | |  2.4

Action                   |  1- 3 |  4- 6 || total
-------------------------+-------+-------++-------
Melee: Hand axe          |   130 |    76 ||   206
 Abil: Heal Wounds       |     1 |     2 ||     3
  Use: Potion            |       |     3 ||     3
       Scroll            |       |     1 ||     1
 Stab: Sleeping          |     8 |     1 ||     9
  Eat: Chunk             |     1 |     1 ||     2
Armor: Robe              |     9 |       ||     9
       Leather armour    |    18 |    11 ||    29
Dodge: Dodged            |    78 |    60 ||   138
